 Dungeon Crawl Stone Soup version 0.31-a0-1447-g87ca8d402b (webtiles) character file.

Game seed: 12921113582558724899

278 BigPumpCobain the Ruffian (level 6, -2/43 HPs)
             Began as a Merfolk Shapeshifter on Dec 27, 2023.
             Slain by a water moccasin (7 damage)
             ... on level 5 of the Dungeon.
             The game lasted 00:03:39 (2472 turns).

BigPumpCobain the Ruffian (Merfolk Shapeshifter)    Turns: 2472, Time: 00:03:40

Health: -2/43      AC:  2    Str: 16    XL:     6   Next: 26%
Magic:  6/6        EV: 12    Int:  9    God:
Gold:   50         SH:  0    Dex: 14    Spells: 5/5 levels left

rFire   . . .        p - +2 whip (venom)
rCold   . . .        (no shield)
rNeg    . . .        a - +0 animal skin
rPois   .            (helmet currently unavailable)
rElec   .            (cloak currently unavailable)
rCorr   .            (gloves currently unavailable)
SInv    .            (boots currently unavailable)
Will    .....        (no amulet)
Stlth   +            (no ring)
HPRegen 0.27/turn    (no ring)
MPRegen 0.10/turn

%: no passive effects
@: lethally poisoned (-2 -> -13), beast-form
A: beast (slay +2), (nimble swimmer 2), mertail
a: Begin Untransformation


You were on level 5 of the Dungeon.
You were a hulking beast.
You visited 1 branch of the dungeon, and saw 4 of its levels.

You collected 50 gold pieces.

Inventory:

Hand Weapons
 p - a +2 whip of venom (weapon)
Armour
 a - a +0 animal skin (worn)
Talismans
 c - a beast talisman
 d - a flux talisman
Scrolls
 g - a scroll of teleportation
 j - a scroll of blinking {unknown}
 k - a scroll of summoning {unknown}
 l - a scroll of poison
 n - a scroll of fog {unknown}
 o - a scroll of vulnerability {unknown}
 q - a scroll of identify {unknown}
Potions
 b - a potion of lignification
 e - a potion of attraction {unknown}
 f - 2 potions of curing {unknown}
 h - a potion of magic {unknown}
 i - a potion of brilliance {unknown}
 m - a potion of mutation {unknown}
 r - a potion of berserk rage {unknown}


   Skills:
 - Level 1.1 Fighting
 - Level 2.6 Dodging
 + Level 7.5 Unarmed Combat
 - Level 4.0 Shapeshifting


You had 5 spell levels left.
You didn't know any spells.
Your spell library contained the following spells:

 Spells                   Type           Power      Damage    Failure   Level
 Shock                    Conj/Air       0%         1d3       38%         1
 Anguish                  Hex/Necr       0%         N/A       99%         4
 Yara's Violent Unravell  Hex/Alch       0%         3d3       100%        5


Dungeon Overview and Level Annotations

Branches:
Dungeon (3/15)

Altars:

Shops:
D:2 (

Annotations:
D:3 Natasha


Innate Abilities, Weirdness & Mutations

You are a hulking beast.
Your limbs bulge with bestial killing power. (Slay +2)
((You are very nimble when in or above water. (Stealth+, EV+, Speed+++)))
Your lower body shifts to a powerful aquatic tail in water.


Message History

The water moccasin closely misses you. x2
The water moccasin barely misses you.
You closely miss the water moccasin.
The water moccasin completely misses you.
The water moccasin bites you.
You closely miss the water moccasin. The water moccasin barely misses you.
You hit the water moccasin but do no damage.
The water moccasin barely misses you. The water moccasin bites you.
You hit the water moccasin.
The water moccasin is lightly wounded.
The water moccasin bites you.
You hit the water moccasin.
The water moccasin is poisoned.
The water moccasin is moderately wounded.
The water moccasin barely misses you. The water moccasin closely misses you.
You hit the water moccasin.
The water moccasin is heavily wounded.
The water moccasin bites you.
You closely miss the water moccasin.
The water moccasin is heavily wounded.
The water moccasin closely misses you. The water moccasin bites you.
You whack the water moccasin!
The water moccasin is severely wounded.
The water moccasin bites you.
You closely miss the water moccasin.
The water moccasin is severely wounded.
The water moccasin bites you.
* * * LOW HITPOINT WARNING * * *
The water moccasin bites you but does no damage.
You barely miss the water moccasin.
The water moccasin is severely wounded.
The water moccasin bites you.
* * * LOW HITPOINT WARNING * * *
You are lethally poisoned!
The water moccasin poisons you!
You hit the water moccasin but do no damage.
The water moccasin is severely wounded.
* * * LOW HITPOINT WARNING * * *
You feel very sick. The water moccasin misses you.
The water moccasin bites you!
You die...

# .# #. # #. ##.####
# ####.#.. ...
##.###.###)###.##
#...hSo.........##
#...##.###.###.##..#
#. #...........#.# #
...##.###.##...#.##
#.#.#.......#.#.#..#
...#...##.##...#...
.. #.#
#.#.#...#.#.#.#....
#.
..#...#...#...#....
#.#...#.#.#.#....


You could see a water moccasin (poisoned) and an orc.

Vanquished Creatures
  A hound (D:2)
  A sleepcap (D:5)
  Jessica (D:2)
  Natasha (D:3)
  4 gnolls
  6 adders
  4 dart slugs
  4 orcs
  9 bats
  2 giant cockroaches
  3 goblins
  5 hobgoblins
  3 jackals (D:3)
  5 quokkas
  7 ball pythons
  3 frilled lizards
  6 kobolds
  4 rats
69 creatures vanquished.

Notes
Turn   | Place    | Note
-------+----------+-------------------------------------------
     0 | D:1      | BigPumpCobain the Merfolk Shapeshifter began the quest for
                  | the Orb.
     0 | D:1      | Reached XP level 1. HP: 15/15 MP: 1/1
   139 | D:1      | Reached XP level 2. HP: 21/21 MP: 2/2
   237 | D:1      | Reached skill level 4 in Unarmed Combat
   787 | D:1      | Reached XP level 3. HP: 24/26 MP: 3/3
  1094 | D:2      | Reached skill level 5 in Unarmed Combat
  1284 | D:2      | Noticed Jessica
  1291 | D:2      | Killed Jessica
  1292 | D:2      | Reached XP level 4. HP: 32/32 MP: 4/4
  1541 | D:3      | Reached skill level 6 in Unarmed Combat
  1626 | D:3      | Reached XP level 5. HP: 27/37 MP: 5/5
  1785 | D:2      | Found Akarph's Weapon Boutique.
  2181 | D:3      | Reached skill level 7 in Unarmed Combat
  2287 | D:3      | Noticed Natasha
  2293 | D:3      | Killed Natasha
  2294 | D:3      | Reached XP level 6. HP: 37/43 MP: 6/6
  2378 | D:3      | Noticed Natasha
  2421 | D:3      | You fall into a shaft and drop 2 floors!
  2421 | D:5      | Entered Level 5 of the Dungeon
  2436 | D:5      | Got the Spellbook of Ill-fated Thunder
  2453 | D:5      | Noticed a water moccasin
  2472 | D:5      | Slain by a water moccasin

Illustrated notes

Levels and vault maps discovered:
D:1:      wander_arrival_peaceful_grave, layout_loops_cross, kennysheep_boxes
D:2:      layout_loops_ring, serial_shops, nicolae_shop_advertising_works
          [nicolae_subvault_shop_adworks], uniq_jessica
D:3:      layout_basic, nzn_wu_jian_council_hall, dreamdust_mushroom_princess,
          uniq_crazy_yiuf_cottage, uniq_grinder, uniq_natasha, uniq_pargi
D:5:      layout_loops_ring, gammafunk_ghost_icy,
          nicolae_concentric_dashed_squares_wild, uniq_duvessa

Skill      XL: |  1  2  3  4  5 |
---------------+----------------+-----
Unarmed Combat | 4 5 6 7 |  7.5
Fighting       | |  1.1
Dodging        | |  2.6
Shapeshifting  | |  4.0

Action                     |  1- 3 |  4- 6 || total
---------------------------+-------+-------++-------
  Melee: Unarmed           |    85 |    55 ||   140
         Punch             |     3 |     2 ||     5
         Whip              |       |    61 ||    61
    Use: Scroll            |     4 |       ||     4
   Stab: Sleeping          |     2 |       ||     2
         Distracted        |       |     1 ||     1
 Armour: Animal skin       |    40 |    87 ||   127
  Dodge: Dodged            |    58 |    82 ||   140

Table legend: (Time is in decaauts)
 A = Elapsed time spent in this place.
 B = Non-inter-level travel time spent in this place.
 C = Inter-level travel time spent in this place.
 D = Time resting spent in this place.
 E = Time spent auto-exploring this place.
 F = Levels seen in this place.
 G = Mean time per level.
                   A        B        C        D        E       F      G
               +--------+--------+--------+--------+--------+-----+--------+
         Total |   2467 |   2411 |     56 |    369 |   1582 |   4 |  616.8 |
       Dungeon |   2467 |   2411 |     56 |    369 |   1582 |   4 |  616.8 |
               +--------+--------+--------+--------+--------+-----+--------+

Top non-repeatable levels by time:
     D:2: 1018 daAuts
     D:1: 959 daAuts
     D:3: 437 daAuts
     D:5: 53 daAuts
